 Dungeon Crawl Stone Soup version 0.27.1-33-g824d729ab1 (webtiles) character file.

Game seed: 5877558872699539262

48 vivovinco the Conjurer (level 3, 0/19 HPs)
             Began as a Deep Elf Conjurer on Dec 28, 2021.
             Slain by Ijyb (4 damage)
             ... on level 2 of the Dungeon.
             The game lasted 00:10:57 (1802 turns).

vivovinco the Conjurer (Deep Elf Conjurer)          Turns: 1802, Time: 00:10:57

Health: 0/19       AC:  2    Str:  4    XL:     3   Next: 50%
Magic:  7/10       EV: 12    Int: 28    God:
Gold:   19         SH:  0    Dex: 14    Spells: 4/9 levels left

rFire    . . .     SeeInvis .   c - +1 dagger
rCold    . . .     Faith    .   (no shield)
rNeg     . . .     Spirit   .   a - +0 robe
rPois    .         Reflect  .   (no helmet)
rElec    .         Harm     .   (no cloak)
rCorr    .         Rampage  .   (no gloves)
Will     .....                  (no boots)
Stlth    ++........             (no amulet)
HPRegen  0.06/turn              g - +6 ring of intelligence
MPRegen  0.12/turn              (no ring)

@: no status effects
A: no striking features
a: no special abilities


You were on level 2 of the Dungeon.
You visited 1 branch of the dungeon, and saw 3 of its levels.

You collected 19 gold pieces.

Inventory:

Hand Weapons
 c - a +1 dagger (weapon)
Missiles
 d - 17 bolts
 e - 52 arrows
 f - 14 poisoned darts (quivered)
 h - 53 stones
Armour
 a - a +0 robe (worn)
Jewellery
 g - a +6 ring of intelligence (left hand)
Scrolls
 i - 2 scrolls of enchant weapon
Potions
 k - a potion of heal wounds


   Skills:
 + Level 0.4 Short Blades
 + Level 2.5 Dodging
 + Level 2.6 Stealth
 + Level 3.6 Spellcasting
 + Level 5.1 Conjurations
 + Level 1.0 Poison Magic


You had 4 spell levels left.
You knew the following spells:

 Your Spells              Type           Power      Damage    Failure   Level
a - Magic Dart            Conj           100%       1d8       1%          1
b - Searing Ray           Conj           68%        3d5       1%          2
c - Poisonous Vapours     Pois/Air       16%        N/A       10%         2

Your spell library contained the following spells:

 Spells                   Type           Power      Damage    Failure   Level
 Sting                    Tmut/Pois      32%        1d4       6%          1
 Dazzling Flash           Conj/Hex       38%        N/A       9%          3
 Fulminant Prism          Conj/Hex       9%         3d7       26%         4
 Iskenderun's Mystic Bla  Conj/Tloc      19%        2d6       26%         4
 Olgreb's Toxic Radiance  Pois           11%        N/A       45%         4


Dungeon Overview and Level Annotations

Branches:
Dungeon (3/15)

Altars:
Nemelex Xobeh

Annotations:
D:2 Ijyb


Message History

Press: ? - help, Dir - move target, f/p - bat
Aim: a bat (moderately wounded, poisoned) Poisonous vapours surround the bat!
The bat looks even sicker.
The bat hits you but does no damage.
You hit the bat.
You kill the bat!
You start resting.
HP restored.
You start resting.
Magic restored.
You see here a bat corpse.
There is a stone staircase leading down here.
You climb downwards.
Found 21 gold pieces and 7 boomerangs.
Found a sparkling altar of Nemelex Xobeh.
Found a stone staircase leading down.
There is a stone staircase leading up here.
The helpless Ijyb fails to defend herself.
You puncture Ijyb!
Ijyb is moderately wounded.
Ijyb zaps a wand.
You suddenly lose the ability to move!
Ijyb drinks a potion.
Ijyb seems to speed up.
Ijyb barely misses you. Ijyb hits you with a +0 club. x4
You can move again.
You climb upwards.
There is a stone staircase leading down here.
Casting: Poisonous Vapours (safe; 10% risk of failure)
Confirm with . or Enter, or press ? or * to list all spells.
Aiming: Searing Ray (safe; 1% risk of failure)
Press: ? - help, Shift-Dir - straight line, f - Ijyb
Aim: Ijyb, wielding a +0 club, wearing a +0 ring mail and carrying a wand of paralysis (10) (moderately wounded, fast, 78% to hit)
The searing ray hits Ijyb!
Ijyb is severely wounded. (Press . to maintain the ray.) Ijyb hits you with a +0 club.
* * * LOW HITPOINT WARNING * * *
The searing ray hits Ijyb.
Ijyb is almost dead.
Ijyb hits you with a +0 club.
You die...

..........# ..#.#
########### #.#.#
#.#.# ...# ######
#..# .....# #..#
.....##########.g#
...........†....@#
.....######......#
.....###
#..........
.......#
#.......♣♣♣
.......#
#.....♣♣..
.......######.###
♣♣. ...........
..# .
....###.#####.♣
###.# )#


You could see Ijyb (fast).

Vanquished Creatures
  3 dart slugs
  3 bats
  5 endoplasms
  3 giant cockroaches
  4 goblins
  2 hobgoblins
  3 jackals (D:1)
  6 kobolds (D:1)
  3 quokkas
  3 ball pythons (D:1)
  A rat (D:1)
36 creatures vanquished.

Vanquished Creatures (others)
  A plant (D:1)
1 creature vanquished.

Grand Total: 37 creatures vanquished

Notes
Turn   | Place    | Note
-------+----------+-------------------------------------------
     0 | D:1      | vivovinco the Deep Elf Conjurer began the quest for the
                  | Orb.
     0 | D:1      | Reached XP level 1. HP: 10/10 MP: 6/6
   142 | D:1      | Reached XP level 2. HP: 15/15 MP: 5/8
   299 | D:1      | Learned a level 2 spell: Searing Ray
   302 | D:1      | Learned a level 2 spell: Poisonous Vapours
   322 | D:1      | Reached skill level 5 in Conjurations
   707 | D:1      | Reached XP level 3. HP: 19/19 MP: 3/9
  1466 | D:2      | Reached skill level 1 in Poison Magic
  1793 | D:3      | Noticed Ijyb
  1793 | D:3      | Found a sparkling altar of Nemelex Xobeh.
  1795 | D:3      | Paralysed by Ijyb for 5 turns
  1802 | D:2      | Slain by Ijyb

Illustrated notes

Levels and vault maps discovered:
D:1:      tarquinn_simple_flora_water_c, layout_loops_cross, item_on_display_a
D:2:      layout_basic, shapermc_ecumenical_altar_totnotflames
D:3:      layout_rooms, nemelex_xobeh_ov_fountains_minmay,
          hellmonk_ghost_happy_afterlife, roderic_roman_lattice,
          serial_bayou_lagoon_a, kennysheep_generic_room_8, uniq_ijyb,
          uniq_robin

Skill      XL: |  1  2  3 |
---------------+----------+-----
Conjurations   | 5 |  5.1
Poison Magic   | 1 |  1.0
Short Blades   | |  0.4
Dodging        | |  2.5
Stealth        | |  2.6
Spellcasting   | |  3.6

Action                   || total
-------------------------++-------
Melee: Unarmed           ||     1
       Dagger            ||    14
 Cast: Magic Dart        ||    37
       Poisonous Vapours ||    14
       Searing Ray       ||     5
  Use: Scroll            ||     3
 Stab: Sleeping          ||     2
Armor: Robe              ||     4
Dodge: Dodged            ||    10
